 Dungeon Crawl Stone Soup version 0.19.0-19-g8c6edcc (webtiles) character file.

473 Dickchan the Reanimator (level 6, -10/41 HPs)
             Began as a Vampire Necromancer on Nov 13, 2016.
             Mangled by an ogre
             ... wielding a +0 giant spiked club
              (31 damage)
             ... on level 3 of the Dungeon.
             The game lasted 00:12:23 (3947 turns).

Dickchan the Reanimator (Vampire Necromancer)       Turns: 3947, Time: 00:12:23

Health: -10/41     AC:  3    Str:  7    XL:     6   Next: 83%
Magic:  3/9        EV: 13    Int: 19    God:
Gold:   153        SH:  0    Dex: 15    Spells: 3 memorised, 3 levels left

rFire  . . .     SeeInvis +     p - +2 dagger (speed)
rCold  + . .     Gourm    .     a - +0 robe
rNeg   + + +     Faith    .     (no shield)
rPois  +         Spirit   .     (no helmet)
rElec  .         Reflect  .     j - +0 cloak
rCorr  .         Harm     .     (no gloves)
MR     .....                    (no boots)
Stlth  +++.......               (no amulet)
                                (no ring)
                                h - ring of positive energy

@: regenerating slowly
A: fangs 3, see invisible, unbreathing
a: Bat Form


You were on level 3 of the Dungeon.
You were thirsty.

You visited 1 branch of the dungeon, and saw 4 of its levels.

You collected 153 gold pieces.

Inventory:

Hand Weapons
 p - a +2 dagger of speed (weapon)
 t - a cursed -3 hand axe
Armour
 a - a +0 robe (worn)
 j - a +0 cloak (worn)
Jewellery
 h - a ring of positive energy (left hand)
Scrolls
 d - a scroll of random uselessness {unknown}
 i - a scroll of teleportation {unknown}
 k - 4 scrolls of identify {unknown}
 m - a scroll of fog {unknown}
 n - a scroll of noise {unknown}
 o - a scroll of recharging {unknown}
 q - a scroll of enchant weapon {unknown}
 u - a scroll of fear {unknown}
Potions
 c - a potion of brilliance {unknown}
 e - a potion of magic {unknown}
 f - a potion of haste {unknown}
 g - a potion of agility {unknown}
 l - 2 potions of flight {unknown}
 r - a potion of curing {unknown}
 s - a potion of mutation {unknown}
 v - a potion of lignification {unknown}
Books
 b - a book of Necromancy

   Spells                             Type                      Level
   a - Pain                           Necromancy                   1
   b - Animate Skeleton               Necromancy                   1
   c - Vampiric Draining              Necromancy                   3
   d - Regeneration                   Charms/Necromancy            3
   e - Animate Dead                   Necromancy                   4
   f - Control Undead                 Necromancy                   4


   Skills:
 - Level 2.1 Dodging
 - Level 3.0 Stealth
 - Level 2.0 Spellcasting
 + Level 9.1 Necromancy


You had 3 spell levels left.
You knew the following spells:

 Your Spells              Type           Power        Failure   Level  Hunger
a - Pain                  Necr           ####         1%          1    #......
b - Control Undead        Necr           #####.....   4%          4    #####..
c - Animate Skeleton      Necr           N/A          1%          1    #......


Dungeon Overview and Level Annotations

Branches:
Dungeon (4/15)
 Temple: D:4-7

Altars:
Cheibriados
Elyvilon
Qazlal

Annotations:
D:4 Edmund


Innate Abilities, Weirdness & Mutations

You heal slowly.
You have razor-sharp teeth.
You have supernaturally acute eyesight. (SInv)
You can survive without breathing.


Message History

Aiming: Pain
Press: ? - help, Shift-Dir - straight line, f/p - ogre
Aim: an ogre, wielding a giant spiked club (heavily wounded, chance to defeat MR: 84%)
The ogre writhes in agony!
The ogre hits you with a giant spiked club!
Casting: Pain
Confirm with . or Enter, or press ? or * to list all spells.
Aiming: Pain
Press: ? - help, Shift-Dir - straight line, f/p - ogre
Aim: an ogre, wielding a giant spiked club (heavily wounded, chance to defeat MR: 84%)
The ogre writhes in agony!
The ogre closely misses you.
Casting: Pain
Confirm with . or Enter, or press ? or * to list all spells.
Aiming: Pain
Press: ? - help, Shift-Dir - straight line, f/p - ogre
Aim: an ogre, wielding a giant spiked club (heavily wounded, chance to defeat MR: 84%)
The ogre writhes in agony!
The ogre hits you with a giant spiked club!!
Ouch! That really hurt!
You die...

(O...# ##.## #.# #...(. ##.###
#.###### #.###..### #.# #......#
#......# #.# #.####.# ######.##
##'## #.# #.# #......# #..O##
####.####.# #.####.# .....##
#).....##.# #.####.# # ......##
#..#.#.##.###......# ##
......O####....#@##......>...###.
.......'..).....O....<.........')
.......####......##.###......###.
......## #..#.#.##.# #..#..## ##
.....## #.##.#.##.# #.....# #
#...## #.##.#.##.###.##.## ##'##
#......##....<...#
#.###########.########.####
#.##......)##.# ####.####


You could see an ogre.

Vanquished Creatures
  An ogre (D:4)
  A bullfrog skeleton (D:4)
  A hound (D:4)
  A worker ant (D:3)
  5 adders (D:3)
  An ooze (D:3)
  7 worms
  A dart slug (D:1)
  3 leopard geckos
  6 orcs (D:3)
  11 bats
  6 giant cockroaches
  8 goblins
  6 hobgoblins
  14 jackals
  A quokka (D:2)
  2 frilled lizards
  A giant cockroach zombie (D:4)
  8 kobolds
  9 rats
93 creatures vanquished.

Vanquished Creatures (collateral kills)
  2 ogres (D:4)
2 creatures vanquished.

Grand Total: 95 creatures vanquished

Notes
Turn   | Place    | Note
-------+----------+-------------------------------------------
     0 | D:1      | Dickchan the Vampire Necromancer began the quest for the Orb.
     0 | D:1      | Reached XP level 1. HP: 13/13 MP: 3/3
   144 | D:1      | Reached XP level 2. HP: 8/19 MP: 0/5
   242 | D:1      | Reached skill level 5 in Necromancy
   575 | D:1      | Reached XP level 3. HP: 22/24 MP: 1/6
   824 | D:2      | Found a white marble altar of Elyvilon.
   824 | D:2      | Found a snail-covered altar of Cheibriados.
   837 | D:2      | Noticed a water elemental
   839 | D:2      | Found a stormy altar of Qazlal.
   840 | D:2      | Noticed an air elemental
   840 | D:2      | Noticed an earth elemental
   840 | D:2      | Noticed a fire elemental
  1399 | D:2      | Reached skill level 6 in Necromancy
  1555 | D:3      | Reached XP level 4. HP: 16/30 MP: 1/7
  2055 | D:3      | Reached skill level 7 in Necromancy
  2055 | D:3      | Reached XP level 5. HP: 33/35 MP: 1/8
  2098 | D:3      | Found a glowing drain.
  2610 | D:4      | Noticed an ogre
  2715 | D:3      | Learned a level 4 spell: Control Undead
  2991 | D:4      | Learned a level 1 spell: Animate Skeleton
  3057 | D:4      | Noticed Edmund
  3280 | D:4      | Noticed an ogre
  3299 | D:4      | Killed an ogre
  3299 | D:4      | Reached skill level 8 in Necromancy
  3299 | D:4      | Reached XP level 6. HP: 37/41 MP: 3/9
  3562 | D:4      | Reached skill level 9 in Necromancy
  3947 | D:3      | Mangled by an ogre

Skill      XL: |  1  2  3  4  5  6 |
---------------+-------------------+-----
Necromancy     | 5 6 7 8 9 |  9.1
Dodging        | |  2.1
Stealth        | |  3.0
Spellcasting   | |  2.0

Action                   |  1- 3 |  4- 6 || total
-------------------------+-------+-------++-------
Melee: Unarmed           |    45 |    12 ||    57
       Bite              |     4 |     6 ||    10
       Dagger            |       |    28 ||    28
 Cast: Pain              |    93 |   111 ||   204
       Animate Skeleton  |       |     3 ||     3
 Abil: End Transformatio |       |     1 ||     1
       Bat Form          |       |     1 ||     1
  Eat: Corpse            |    14 |     3 ||    17
Armor: Robe              |    21 |     8 ||    29
Dodge: Dodged            |    72 |    49 ||   121
